 Dungeon Crawl Stone Soup version 0.18-a0-1542-g9c1a92e (webtiles) character file.

641 Ijustatesigmund the Insei (level 7, -1/48 HPs)
             Began as an Octopode Transmuter on Mar 10, 2016.
             Slain by Duvessa
             ... wielding a +0 short sword
              (8 damage)
             ... on level 6 of the Dungeon.
             The game lasted 00:14:40 (4181 turns).

Ijustatesigmund the Insei (Octopode Transmuter)     Turns: 4181, Time: 00:14:42

Health: -1/48      AC:  3    Str: 10    XL:     7   Next: 51%
Magic:  1/11       EV: 13    Int: 22    God:
Gold:   199        SH:  0    Dex: 12    Spells: 4 memorised, 1 level left

rFire  + . .     SeeInvis +       - Unarmed
rCold  . . .     Gourm    .     (shield currently unavailable)
rNeg   . . .     Faith    .     (helmet restricted)
rPois  +         Spirit   .     (no amulet)
rElec  .         Dismiss  .     g - ring of poison resistance
rCorr  .         Reflect  .     o - ring of protection from fire
SustAt .         Harm     .     i - ring of see invisible
MR     .....                    (no ring)
Stlth  +++.......               (no ring)
                                (no ring)
                                (no ring)
                                (no ring)

@: brilliant, blade tentacles (expiring), not resistant to hostile enchantments,
fairly stealthy
A: almost no armour, amphibious, 8 rings, constrict 8, yellow scales 1,
camouflage 1, gelatinous body 1
a: End Transformation


You were on level 6 of the Dungeon.
You were very hungry.
You had blades for tentacles.
You visited 1 branch of the dungeon, and saw 6 of its levels.
You also visited: Sewer.

You collected 199 gold pieces.

Inventory:

Missiles
 a - 73 arrows
 k - an arrow of frost
Armour
 p - a +0 buckler
Jewellery
 g - a ring of poison resistance (left scythe-like blade)
 i - a ring of see invisible (on tentacle)
 o - a ring of protection from fire (right scythe-like blade)
Wands
 f - a wand of flame (18/48)
Scrolls
 d - 3 scrolls of remove curse
 n - a scroll of enchant armour
Potions
 e - a potion of ambrosia
 j - 2 potions of might
 l - 2 potions of curing
 r - a potion of mutation
 s - a potion of magic
Books
 b - a book of Changes

   Spells                             Type                      Level
   a - Beastly Appendage              Transmutation                1
   b - Sticks to Snakes               Transmutation                2
   c - Spider Form                    Transmutation/Poison         3
   d - Ice Form                       Ice/Transmutation            4
   e - Blade Hands                    Transmutation                5
 q - an Akashic Record

   Spells                             Type                      Level
   a - Dispersal                      Translocation                6
   b - Malign Gateway                 Summoning/Translocation      7
   c - Disjunction                    Translocation                8
   d - Controlled Blink               Translocation                8
 t - a book of the Warp

   Spells                             Type                      Level
   a - Recall                         Summoning/Translocation      3
   b - Gell's Gravitas                Hexes/Translocation          3
   c - Force Lance                    Conjuration/Translocation    4
   d - Warp Weapon                    Charms/Translocation         5
   e - Summon Forest                  Summoning/Translocation      5
Comestibles
 c - 3 bread rations
 h - a beef jerky


   Skills:
 + Level 4.0 Fighting
 - Level 3.1 Dodging
 - Level 2.0 Stealth
 + Level 5.0 Unarmed Combat
 - Level 3.0 Spellcasting
 + Level 3.6 Transmutations
 - Level 2.0 Poison Magic


You had one spell level left.
You knew the following spells:

 Your Spells              Type           Power        Failure   Level  Hunger
a - Beastly Appendage     Trmt           ####..       3%          1    None
b - Sticks to Snakes      Trmt           ####....     4%          2    ##.....
c - Spider Form           Trmt/Pois      ####......   7%          3    ###....
d - Blade Hands           Trmt           ####......   36%         5    ######.


Dungeon Overview and Level Annotations

Branches:
Dungeon (6/15)
 Temple: D:4-7

Altars:
Makhleb
Pakellas
Ru

Annotations:
D:6 Duvessa


Innate Abilities, Weirdness & Mutations

You cannot wear most types of armour.
You are amphibious.
You can wear up to eight rings at the same time.
You can use your tentacles to constrict eight enemies at once.
Your skin changes colour to match your surroundings (Stealth).
Your rubbery body absorbs attacks (AC +1).
You are partially covered in yellow scales (AC +2).


Message History

The orc priest escapes!
Your ball python bites Duvessa but does no damage.
Your ball python constricts Duvessa.
Duvessa hits your ball python with a short sword!
Your ball python dies!
Duvessa shouts!
You slash the orc priest! Your grab misses the orc priest.
The orc priest is almost dead.
The orc priest calls down the wrath of Beogh upon you.
Beogh smites you!
* * * LOW HITPOINT WARNING * * *
Duvessa barely misses you. The orc barely misses you.
Unknown command.
You barely miss the orc priest. You grab the orc priest.
Your squeeze misses the orc priest.
The orc priest is almost dead.
You constrict the orc priest.
You kill the orc priest!
Duvessa hits you with a short sword!
You die...

.............................
.............................
))...........$...............
<(...........................
.[...........................
.............................
.............................
.............................
................@)...........
...............oe)...........
................o......%....
##.........................
≈#...... .................
≈#..... ................ ≈#
.. ............... ##
............... ≈#


You could see Duvessa (berserk), an orc wizard and an orc.

Vanquished Creatures
  2 giant frogs (Sewer)
  A scorpion (D:6)
  Dowan (D:6)
  An orc priest (D:6)
  3 hounds
  A giant frog skeleton (D:6)
  Jessica (D:3)
  A worker ant (D:4)
  5 adders
  An adder skeleton (D:4)
  4 worms
  3 dart slugs
  10 giant geckos
  9 orcs
  7 giant cockroaches
  10 goblins
  5 hobgoblins
  6 jackals
  3 kobolds
  3 quokkas
  4 ball pythons (Sewer)
  6 bats
  A giant gecko skeleton (D:4)
  A giant gecko zombie (D:5)
  9 giant newts
  10 rats
108 creatures vanquished.

Vanquished Creatures (collateral kills)
  An ogre (D:4)
  An adder (D:4)
2 creatures vanquished.

Vanquished Creatures (others)
  A crocodile (D:3)
1 creature vanquished.

Grand Total: 111 creatures vanquished

Notes
Turn   | Place    | Note
--------------------------------------------------------------
     0 | D:1      | Ijustatesigmund the Octopode Transmuter began the quest for the Orb.
     0 | D:1      | Reached XP level 1. HP: 13/13 MP: 3/3
   256 | D:1      | Reached XP level 2. HP: 8/18 MP: 5/5
   260 | D:1      | Learned a level 2 spell: Sticks to Snakes
   708 | D:1      | Reached XP level 3. HP: 25/25 MP: 6/6
   713 | D:1      | Learned a level 3 spell: Spider Form
  1071 | D:2      | Gained mutation: You are partially covered in yellow scales (AC +2). [potion of beneficial mutation]
  1439 | D:2      | You fall through a shaft!
  1533 | D:3      | Found an oddly glowing altar of Pakellas.
  1533 | D:3      | Noticed an orange crystal statue
  1534 | D:3      | Noticed a crocodile
  1546 | D:3      | Killed a crocodile
  1766 | D:2      | Reached skill level 1 in Poison Magic
  1766 | D:2      | Reached XP level 4. HP: 26/30 MP: 5/7
  1830 | D:3      | Noticed Jessica
  1987 | D:3      | Killed Jessica
  2334 | D:3      | Found a sacrificial altar of Ru.
  2379 | D:3      | Reached skill level 1 in Stealth
  2425 | D:3      | Reached XP level 5. HP: 36/36 MP: 6/8
  2808 | D:4      | Found a burning altar of Makhleb.
  2931 | D:4      | Reached skill level 4 in Unarmed Combat
  3235 | D:4      | Noticed an ogre
  3240 | D:4      | Reached XP level 6. HP: 32/42 MP: 9/9
  3513 | D:5      | Entered Level 5 of the Dungeon
  3631 | D:5      | Noticed a black bear
  3744 | D:6      | Found a glowing drain.
  3752 | Sewer    | Entered a sewer
  3924 | Sewer    | Reached XP level 7. HP: 42/46 MP: 9/11
  3941 | Sewer    | Learned a level 5 spell: Blade Hands
  4159 | D:6      | Noticed Dowan
  4163 | D:6      | Noticed Duvessa
  4175 | D:6      | Killed Dowan
  4175 | D:6      | Reached skill level 5 in Unarmed Combat
  4181 | D:6      | Slain by Duvessa

Vault maps used:
D:1:      minmay_arrival_cross
D:2:      serial_glass, glass_columns_b, glass_columns_a
D:3:      nicolae_overflow_hidden_temple, first_bread, serial_curves,
          eino_curves_01, eino_curves_03, kennysheep_nub,
          gammafunk_pakellas_statue_experiment, uniq_jessica
D:4:      bloody_makhleb, st_stairs_1, minmay_stone_trees_large
D:5:      tso_oasis_becter, minmay_temple_entry_butterflies,
          nicolae_alphabet_shops
D:6:      lightli_sewer_entry_pipes, fedhas_altar_3, uniq_duvessa
Sewer:    sewer_frog_island_01

Skill      XL: |  1  2  3  4  5  6  7 |
---------------+----------------------+-----
Fighting       | 2 3 4 |  4.0
Poison Magic   | 1 2 |  2.0
Stealth        | 1 2 |  2.0
Unarmed Combat | 4 5 |  5.0
Transmutations | 3 |  3.6
Spellcasting   | 3 |  3.0
Dodging        | 3 |  3.1

Action                   |  1- 3 |  4- 6 |  7- 9 || total
-------------------------+-------+-------+-------++-------
Melee: Unarmed           |    83 |   160 |    18 ||   261
 Cast: Beastly Appendage |     2 |    15 |     1 ||    18
       Sticks to Snakes  |       |     9 |     3 ||    12
       Spider Form       |       |     1 |       ||     1
       Blade Hands       |       |       |     1 ||     1
  Use: Scroll            |     7 |     4 |       ||    11
       Potion            |     2 |     1 |     1 ||     4
 Stab: Sleeping          |     7 |     9 |     1 ||    17
       Distracted        |       |     2 |       ||     2
  Eat: Chunk             |     3 |     4 |       ||     7
       Royal jelly       |       |     1 |       ||     1
       Pizza             |       |     1 |       ||     1
